| TOP OF THE 1ST |
|
Paris Cubs batting - Pitching for London Majors : RHP John Trask
|
|
Pitching: RHP John Trask
|
|
|
Batting: RHB Willie Rubio
|
0-0: Foul Ball, location: 2F 0-1: SINGLE (Line Drive, 89S, EV 88.1 MPH)
|
|
Batting: LHB Tyler Schuettler
|
0-0: Ball 1-0: Called Strike Willie Rubio is caught stealing 2nd base 2-6 1-1: Foul Ball, location: 2F 1-2: Ball 2-2: Ball 3-2: Foul Ball, location: 2F 3-2: Base on Balls
|
|
Batting: LHB Jeremy Rideout
|
0-0: Called Strike 0-1: SINGLE (Line Drive, 9LS, EV 100.6 MPH) Tyler Schuettler to second
|
|
Batting: LHB David Mendez
|
0-0: Called Strike 0-1: Foul Ball, location: 2F 0-2: Strikes out swinging
|
|
Batting: RHB Jesus Resendez
|
0-0: Ground out U3 (Groundball, 3, EV 83.1 MPH)
|
| Top of the 1st over - 0 runs, 2 hits, 0 errors, 2 left on base; Paris 0 - London 0 |
| BOTTOM OF THE 1ST |
|
London Majors batting - Pitching for Paris Cubs : LHP Mike Anderson
|
|
Pitching: LHP Mike Anderson
|
|
|
Batting: RHB Carlos Bravo
|
0-0: Ball 1-0: Ground out 4-3 (Groundball, 4, EV 91.9 MPH)
|
|
Batting: SHB Steve Ramsey
|
0-0: Swinging Strike 0-1: Swinging Strike 0-2: Strikes out swinging
|
|
Batting: RHB Cedric Nicholls
|
0-0: Ball 1-0: Foul Ball, location: 2F 1-1: Foul Ball, location: 2F 1-2: Fly out, F8 (Flyball, 8RD, EV 96.9 MPH)
|
| Bottom of the 1st over - 0 runs, 0 hits, 0 errors, 0 left on base; Paris 0 - London 0 |
| TOP OF THE 2ND |
|
Paris Cubs batting - Pitching for London Majors : RHP John Trask
|
|
Batting: RHB Jason Banks
|
0-0: Ball 1-0: SINGLE (Groundball, 56D, EV 97.5 MPH)
|
|
Batting: LHB Bobby Marlatt
|
0-0: Ball 1-0: Swinging Strike 1-1: Called Strike 1-2: Foul Ball, location: 2F 1-2: Ball 2-2: Strikes out swinging
|
|
Batting: RHB Mike Snider
|
0-0: 2-RUN HOME RUN (Flyball, 78XD, EV 103.8 MPH), Distance : 418 ft
|
|
Batting: RHB Michihisa Tanaka
|
0-0: Ball 1-0: Ball 2-0: Swinging Strike 2-1: Foul Ball, location: 2F 2-2: Ball 3-2: Base on Balls
|
|
Batting: RHB Willie Rubio
|
0-0: Foul Ball, location: 2F 0-1: Ball 1-1: Swinging Strike 1-2: Grounds into double play, 4-6-3 (Groundball, 4M, EV 80.0 MPH)
|
| Top of the 2nd over - 2 runs, 2 hits, 0 errors, 0 left on base; Paris 2 - London 0 |
| BOTTOM OF THE 2ND |
|
London Majors batting - Pitching for Paris Cubs : LHP Mike Anderson
|
|
Batting: RHB Carlos Murillo
|
0-0: Ball 1-0: Ball 2-0: Called Strike 2-1: SINGLE (Line Drive, 6D, EV 95.6 MPH)
|
|
Batting: RHB Cormackle Poohdatoot
|
0-0: Called Strike 0-1: Grounds into double play, 6-4-3 (Groundball, 6, EV 80.6 MPH)
|
|
Batting: RHB Tom Bergman
|
0-0: Ball 1-0: Foul Ball, location: 2F 1-1: Ball 2-1: Called Strike 2-2: Strikes out swinging
|
| Bottom of the 2nd over - 0 runs, 1 hit, 0 errors, 0 left on base; Paris 2 - London 0 |
| TOP OF THE 3RD |
|
Paris Cubs batting - Pitching for London Majors : RHP John Trask
|
|
Batting: LHB Tyler Schuettler
|
0-0: Swinging Strike 0-1: Called Strike 0-2: Strikes out swinging
|
|
Batting: LHB Jeremy Rideout
|
0-0: Foul Ball, location: 2F 0-1: Foul Ball, location: 2F 0-2: Strikes out swinging
|
|
Batting: LHB David Mendez
|
0-0: Called Strike 0-1: Ball 1-1: Swinging Strike 1-2: Ball 2-2: Strikes out looking
|
| Top of the 3rd over - 0 runs, 0 hits, 0 errors, 0 left on base; Paris 2 - London 0 |
| BOTTOM OF THE 3RD |
|
London Majors batting - Pitching for Paris Cubs : LHP Mike Anderson
|
|
Batting: RHB Lewis O'Connell
|
0-0: Ball 1-0: Called Strike 1-1: Called Strike 1-2: Strikes out looking
|
|
Batting: RHB Frank Pinksen
|
0-0: Ball 1-0: Swinging Strike 1-1: Swinging Strike 1-2: Foul Ball, location: 2F 1-2: Ball 2-2: Ball 3-2: Strikes out swinging
|
|
Batting: RHB Jerry Perez
|
0-0: Ball 1-0: Foul Ball, location: 2F 1-1: Foul Ball, location: 2F 1-2: Ball 2-2: Reached on error, E6 (Groundball, 6, EV 101.9 MPH)
|
|
Batting: RHB Carlos Bravo
|
0-0: Ball Wild Pitch! Jerry Perez to second 1-0: Called Strike 1-1: Ball 2-1: Ball 3-1: SINGLE (Flyball, 8LS, EV 90.0 MPH) Jerry Perez to third Runner from 3rd tries for Home, SAFE, throw by CF to home Carlos Bravo to second
|
|
Batting: SHB Steve Ramsey
|
0-0: Ball 1-0: Called Strike 1-1: Foul Ball, location: 2F 1-2: Ball 2-2: Ball 3-2: Strikes out looking
|
| Bottom of the 3rd over - 1 run, 1 hit, 1 error, 1 left on base; Paris 2 - London 1 |
| TOP OF THE 4TH |
|
Paris Cubs batting - Pitching for London Majors : RHP John Trask
|
|
Batting: RHB Jesus Resendez
|
0-0: Foul Ball, location: 2F 0-1: Called Strike 0-2: Ball 1-2: Reached on error, E5 (Groundball, 56S, EV 85.0 MPH)
|
|
Batting: RHB Jason Banks
|
0-0: Ball 1-0: Fly out, F7 (Line Drive, 7D, EV 90.0 MPH)
|
|
Batting: LHB Bobby Marlatt
|
0-0: Foul Ball, location: 2F 0-1: Swinging Strike 0-2: Strikes out swinging
|
|
Batting: RHB Mike Snider
|
0-0: Ball 1-0: Called Strike 1-1: Reached on error, E5 (Groundball, 56S, EV 70.0 MPH) Jesus Resendez to second
|
|
Batting: RHB Michihisa Tanaka
|
0-0: Ball 1-0: Ball 2-0: Ball 3-0: Called Strike 3-1: Base on Balls Jesus Resendez to third Mike Snider to second
|
|
Batting: RHB Willie Rubio
|
0-0: Called Strike 0-1: Called Strike 0-2: SINGLE (Line Drive, 7S, EV 100.6 MPH) Jesus Resendez scores Mike Snider to third Michihisa Tanaka to second Runner from 3rd tries for Home, SAFE, throw by LF to home
|
|
Batting: LHB Tyler Schuettler
|
0-0: Ball 1-0: Foul Ball, location: 2F 1-1: Foul Ball, location: 2F 1-2: Strikes out looking
|
| Top of the 4th over - 2 runs, 1 hit, 2 errors, 2 left on base; Paris 4 - London 1 |
| BOTTOM OF THE 4TH |
|
London Majors batting - Pitching for Paris Cubs : LHP Mike Anderson
|
|
Pitching: RHP Kichijo Robinson
|
|
|
Batting: RHB Cedric Nicholls
|
0-0: Foul Ball, location: 2F 0-1: Ball 1-1: Ball 2-1: Swinging Strike 2-2: Strikes out swinging
|
|
Batting: RHB Carlos Murillo
|
0-0: Called Strike 0-1: Ball 1-1: Fly out, F8 (Line Drive, 8RM, EV 86.9 MPH)
|
|
Batting: RHB Cormackle Poohdatoot
|
0-0: Ball 1-0: Ball 2-0: SINGLE (Line Drive, 7S, EV 104.4 MPH)
|
|
Batting: RHB Tom Bergman
|
0-0: SINGLE (Groundball, 56D, EV 100.0 MPH) Cormackle Poohdatoot to second
|
|
Pinch Hitting: LHB Edwin Esparza
|
0-0: Swinging Strike 0-1: Swinging Strike 0-2: Ball 1-2: Strikes out looking
|
| Bottom of the 4th over - 0 runs, 2 hits, 0 errors, 2 left on base; Paris 4 - London 1 |
| TOP OF THE 5TH |
|
Paris Cubs batting - Pitching for London Majors : RHP John Trask
|
|
Now at SS: Hanley Hernandez
|
|
|
Batting: LHB Jeremy Rideout
|
0-0: Fly out, F8 (Flyball, 78XD, EV 103.1 MPH)
|
|
Batting: LHB David Mendez
|
0-0: Swinging Strike 0-1: Swinging Strike 0-2: Strikes out swinging
|
|
Batting: RHB Jesus Resendez
|
0-0: Ball 1-0: Swinging Strike 1-1: Foul Ball, location: 2F 1-2: Ball 2-2: Strikes out swinging
|
| Top of the 5th over - 0 runs, 0 hits, 0 errors, 0 left on base; Paris 4 - London 1 |
| BOTTOM OF THE 5TH |
|
London Majors batting - Pitching for Paris Cubs : RHP Kichijo Robinson
|
|
Batting: RHB Frank Pinksen
|
0-0: Ball 1-0: Called Strike 1-1: Ball 2-1: Called Strike 2-2: SOLO HOME RUN (Flyball, 7LD, EV 93.8 MPH), Distance : 343 ft
|
|
Pinch Hitting: SHB Mike Fermin
|
0-0: Called Strike 0-1: Ball 1-1: Ball 2-1: Ground out U3 (Groundball, 3L, EV 105.0 MPH)
|
|
Batting: RHB Carlos Bravo
|
0-0: Ball 1-0: Ball 2-0: Foul Ball, location: 2F 2-1: Foul Ball, location: 2F 2-2: Ball 3-2: Foul Ball, location: 2F 3-2: Base on Balls
|
|
Batting: SHB Steve Ramsey
|
0-0: Called Strike 0-1: Ball Passed Ball! Carlos Bravo to second 1-1: Ball 2-1: Called Strike 2-2: Fly out, F8 (Flyball, 8LD, EV 107.5 MPH) Runner from 2nd tags up, SAFE at 3rd with throw by CF
|
|
Batting: LHB Jessie Stewart
|
0-0: Ball 1-0: Swinging Strike 1-1: Ball 2-1: Foul Ball, location: 2F 2-2: Fly out, F5 (Line Drive, 5, EV 63.8 MPH)
|
| Bottom of the 5th over - 1 run, 1 hit, 0 errors, 1 left on base; Paris 4 - London 2 |
| TOP OF THE 6TH |
|
Paris Cubs batting - Pitching for London Majors : RHP John Trask
|
|
Now at 2B: Mike Fermin
|
|
|
Now at 3B: Carlos Murillo
|
|
|
Batting: RHB Jason Banks
|
0-0: Called Strike 0-1: Ball 1-1: Ball 2-1: SINGLE (Line Drive, 4MD, EV 97.5 MPH)
|
|
Batting: LHB Bobby Marlatt
|
0-0: Ball Wild Pitch! Jason Banks to second 1-0: SINGLE (Line Drive, 8LS, EV 86.9 MPH) Jason Banks to third
|
|
Batting: RHB Mike Snider
|
Balk! Jason Banks scores Bobby Marlatt to second
|
|
Pitching: LHP Antoine Herndon
|
0-0: Foul Ball, location: 2F 0-1: Ball 1-1: Swinging Strike 1-2: Foul Ball, location: 2F 1-2: Ball 2-2: Strikes out swinging
|
|
Batting: RHB Michihisa Tanaka
|
0-0: Foul Ball, location: 2F 0-1: Swinging Strike 0-2: Foul Ball, location: 2F 0-2: Ball 1-2: Ball 2-2: Ball 3-2: Foul Ball, location: 2F 3-2: Strikes out swinging
|
|
Batting: RHB Willie Rubio
|
0-0: Ball 1-0: Called Strike 1-1: Swinging Strike 1-2: Strikes out looking
|
| Top of the 6th over - 1 run, 2 hits, 0 errors, 1 left on base; Paris 5 - London 2 |
| BOTTOM OF THE 6TH |
|
London Majors batting - Pitching for Paris Cubs : RHP Kichijo Robinson
|
|
Pitching: RHP Tyler McCoy
|
|
|
Batting: RHB Carlos Murillo
|
0-0: SOLO HOME RUN (Line Drive, 7D, EV 96.2 MPH), Distance : 383 ft
|
|
Pinch Hitting: RHB Mel Bohorquez
|
0-0: Foul Ball, location: 2F 0-1: Foul Ball, location: 2F 0-2: Ball 1-2: Ball 2-2: Foul Ball, location: 2F 2-2: Ball 3-2: Foul Ball, location: 2F 3-2: Foul Ball, location: 2F 3-2: Strikes out swinging
|
|
Pinch Hitting: RHB Manny Corral
|
0-0: Ball 1-0: Ball 2-0: Called Strike 2-1: SOLO HOME RUN (Flyball, 7D, EV 96.2 MPH), Distance : 375 ft
|
|
Pinch Hitting: SHB Joe Loveless
|
0-0: Swinging Strike 0-1: Foul Ball, location: 2F 0-2: Ball 1-2: Strikes out swinging, 2-3 out at first.
|
|
Batting: RHB Frank Pinksen
|
0-0: Ground out 6-3 (Groundball, 6, EV 86.9 MPH)
|
| Bottom of the 6th over - 2 runs, 2 hits, 0 errors, 0 left on base; Paris 5 - London 4 |
| TOP OF THE 7TH |
|
Paris Cubs batting - Pitching for London Majors : LHP Antoine Herndon
|
|
Now at 1B: Joe Loveless
|
|
|
Now at 3B: Manny Corral
|
|
|
Now at SS: Carlos Murillo
|
|
|
Now in RF: Salvador Ramos
|
|
|
Batting: LHB Tyler Schuettler
|
0-0: Called Strike 0-1: Fly out, F6 (Line Drive, 6M, EV 71.9 MPH)
|
|
Batting: LHB Jeremy Rideout
|
0-0: Called Strike 0-1: Ground out 3-1 (Groundball, 34S, EV 81.2 MPH)
|
|
Batting: LHB David Mendez
|
0-0: Ball 1-0: Ball 2-0: Ball 3-0: Swinging Strike 3-1: Foul Ball, location: 2F 3-2: Foul Ball, location: 2F 3-2: Strikes out swinging
|
| Top of the 7th over - 0 runs, 0 hits, 0 errors, 0 left on base; Paris 5 - London 4 |
| BOTTOM OF THE 7TH |
|
London Majors batting - Pitching for Paris Cubs : RHP Tyler McCoy
|
|
Batting: SHB Mike Fermin
|
0-0: Ball 1-0: Called Strike 1-1: Ball 2-1: Foul Ball, location: 2F 2-2: Ball 3-2: Base on Balls
|
|
Batting: RHB Carlos Bravo
|
0-0: Called Strike 0-1: Bunted foul 0-2: Ball 1-2: Ball 2-2: Reached on error, E6 (Popup, P, EV 45.0 MPH) Mike Fermin to second
|
|
Pinch Hitting: SHB Toby Patenaude
|
0-0: Called Strike Mike Fermin steals 3rd, throwing error, E2 Mike Fermin scores Carlos Bravo to third 0-1: Ground out U3 (Groundball, 3, EV 80.6 MPH)
|
|
Batting: LHB Jessie Stewart
|
0-0: Swinging Strike 0-1: Called Strike 0-2: SINGLE (Groundball, 34D, EV 94.4 MPH) Carlos Bravo scores
|
|
Pitching: RHP Justin Rodrigues
|
|
|
Batting: RHB Carlos Murillo
|
0-0: Called Strike 0-1: Ball 1-1: 2-RUN HOME RUN (Flyball, 78XD, EV 105.0 MPH), Distance : 407 ft
|
|
Batting: LHB Salvador Ramos
|
0-0: Hit by Pitch
|
|
Batting: RHB Manny Corral
|
0-0: Ball Wild Pitch! Salvador Ramos to second 1-0: Foul Ball, location: 2F 1-1: Ground out 4-3 (Groundball, 4, EV 83.8 MPH) Salvador Ramos to third
|
|
Batting: SHB Joe Loveless
|
0-0: Ball 1-0: Ball 2-0: Foul Ball, location: 2F 2-1: Foul Ball, location: 2F 2-2: SINGLE (Line Drive, 6, EV 95.6 MPH) Salvador Ramos scores
|
|
Batting: RHB Frank Pinksen
|
0-0: Called Strike 0-1: Ball 1-1: Ball 2-1: Called Strike 2-2: Ball 3-2: Strikes out swinging, 2-3 out at first.
|
| Bottom of the 7th over - 5 runs, 3 hits, 2 errors, 1 left on base; Paris 5 - London 9 |
| TOP OF THE 8TH |
|
Paris Cubs batting - Pitching for London Majors : LHP Antoine Herndon
|
|
Now at 1B: Joy-shan Li
|
|
|
Now in LF: Toby Patenaude
|
|
|
Now in CF: Carlos Bravo
|
|
|
Batting: RHB Jesus Resendez
|
0-0: Called Strike 0-1: Swinging Strike 0-2: Strikes out looking
|
|
Batting: RHB Jason Banks
|
0-0: Called Strike 0-1: Ball 1-1: Swinging Strike 1-2: Strikes out swinging
|
|
Batting: LHB Bobby Marlatt
|
0-0: Called Strike 0-1: Swinging Strike 0-2: Foul Ball, location: 2F 0-2: Strikes out looking
|
| Top of the 8th over - 0 runs, 0 hits, 0 errors, 0 left on base; Paris 5 - London 9 |
| BOTTOM OF THE 8TH |
|
London Majors batting - Pitching for Paris Cubs : RHP Justin Rodrigues
|
|
Batting: SHB Mike Fermin
|
0-0: Swinging Strike 0-1: Swinging Strike 0-2: SINGLE (Groundball, P, EV 91.2 MPH) (infield hit)
|
|
Batting: RHB Carlos Bravo
|
0-0: Called Strike Mike Fermin steals 2nd base 0-1: Swinging Strike 0-2: Ball 1-2: Ball 2-2: Strikes out looking
|
|
Batting: SHB Toby Patenaude
|
0-0: Ball 1-0: Ball 2-0: Ball 3-0: Foul Ball, location: 2F 3-1: Base on Balls
|
|
Batting: LHB Jessie Stewart
|
0-0: Ball Passed Ball! Mike Fermin to third Toby Patenaude to second 1-0: Foul Ball, location: 2F 1-1: Called Strike 1-2: Foul Ball, location: 2F 1-2: Foul Ball, location: 2F 1-2: Ball 2-2: Ball 3-2: Base on Balls
|
|
Batting: RHB Carlos Murillo
|
0-0: Swinging Strike 0-1: Swinging Strike 0-2: Strikes out swinging
|
|
Batting: LHB Salvador Ramos
|
0-0: DOUBLE (Line Drive, 3D, EV 97.5 MPH) Mike Fermin scores Toby Patenaude scores Jessie Stewart to third Runner from 3rd tries for Home, SAFE, throw by RF to trailing runner, OUT at third! 9-3-5
|
| Bottom of the 8th over - 3 runs, 2 hits, 0 errors, 0 left on base; Paris 5 - London 12 |
| TOP OF THE 9TH |
|
Paris Cubs batting - Pitching for London Majors : LHP Antoine Herndon
|
|
Batting: RHB Mike Snider
|
0-0: Called Strike 0-1: Called Strike 0-2: Strikes out looking
|
|
Pinch Hitting: RHB Juan Tarin
|
0-0: Called Strike 0-1: Called Strike 0-2: Ball 1-2: Foul Ball, location: 2F 1-2: Ground out 6-3 (Groundball, 6, EV 83.1 MPH)
|
|
Pinch Hitting: LHB Don Crockett
|
0-0: Ball 1-0: Swinging Strike 1-1: Called Strike 1-2: Ball 2-2: Ball 3-2: Base on Balls
|
|
Batting: LHB Tyler Schuettler
|
0-0: Foul Ball, location: 2F 0-1: Ball 1-1: Foul Ball, location: 2F 1-2: Strikes out looking
|
| Top of the 9th over - 0 runs, 0 hits, 0 errors, 1 left on base; Paris 5 - London 12 |
|